 Dungeon Crawl Stone Soup version 0.18.1-8-gdd0e5ea (webtiles) character file.

658 Gagarin the Ducker (level 7, -2/55 HPs)
             Began as a Merfolk Monk on May 22, 2016.
             Was a Believer of Zin.
             Slain by Prince Ribbit (9 damage)
             ... on level 5 of the Dungeon.
             The game lasted 00:34:51 (6482 turns).

Gagarin the Ducker (Merfolk Monk)                   Turns: 6482, Time: 00:34:52

Health: -2/55      AC:  3    Str: 11    XL:     7   Next: 55%
Magic:  7/7        EV: 18    Int:  9    God:    Zin [**....]
Gold:   202        SH:  0    Dex: 19    Spells: 0 memorised, 6 levels left

rFire  . . .     SeeInvis .       - Unarmed
rCold  . . .     Gourm    .     a - +0 robe
rNeg   . . .     Faith    .     (no shield)
rPois  .         Spirit   .     f - +0 hat
rElec  .         Dismiss  .     (no cloak)
rCorr  .         Reflect  .     (no gloves)
SustAt .         Harm     .     d - +0 pair of boots
MR     .....                    (no amulet)
Stlth  +++.......               (no ring)
                                (no ring)

@: not resistant to hostile enchantments, fairly stealthy
A: change form in water, swift swim
a: Recite, Vitalisation, Donate Gold, Renounce Religion


You were on level 5 of the Dungeon.
You worshipped Zin.
Zin was pleased with you.
You were very hungry.

You visited 2 branches of the dungeon, and saw 6 of its levels.

You collected 224 gold pieces.
You donated 22 gold pieces to Zin.

Inventory:

Hand Weapons
 g - a cursed +0 short sword
 n - a +0 hunting sling
 w - a +0 rapier
 y - a +3 dagger of chaos
 z - a +0 scythe of holy wrath
Missiles
 c - 16 poisoned needles
 B - 25 sling bullets (quivered)
Armour
 a - a +0 robe (worn)
 d - a +0 pair of boots (worn)
 f - a +0 hat (worn)
 k - a +0 hat
 o - a cursed +0 ring mail
 t - a +0 helmet
 J - the cursed +1 leather armour of Patterns {rCorr, unknown}
   (You found it on level 5 of the Dungeon)

   It protects you from acid and corrosion.
   It has a curse placed upon it.
Jewellery
 e - an uncursed ring of protection from magic {unknown}
 l - a +4 amulet of reflection {unknown}
 I - an uncursed ring of stealth {unknown}
Wands
 s - a wand of confusion (16/48)
 E - a wand of lightning (9/15)
 H - a wand of confusion (35/48)
Scrolls
 u - a scroll of amnesia
 x - a scroll of remove curse
 C - a scroll of recharging {unknown}
 D - a scroll of magic mapping {unknown}
 F - a scroll of teleportation {unknown}
 G - a scroll of identify {unknown}
Potions
 i - 2 potions of brilliance
 j - a potion of cure mutation {unknown}
 m - a potion of magic {unknown}
 r - a potion of degeneration {unknown}
 v - a potion of haste {unknown}
Comestibles
 b - 6 bread rations
 h - 5 meat rations
 p - a slice of pizza
 q - 2 beef jerkies
 A - 2 fruits


   Skills:
 + Level 4.9 Fighting
 + Level 7.8 Dodging
 + Level 3.8 Stealth
 + Level 6.4 Unarmed Combat
 + Level 0.2 Evocations


You had 6 spell levels left.
You didn't know any spells.

Dungeon Overview and Level Annotations

Branches:
Dungeon (5/15)             Temple (1/1) D:4

Altars:
Ashenzari
Cheibriados
Fedhas
Gozag
Makhleb
Nemelex Xobeh
Ru
Sif Muna
Xom
Yredelemnul
Zin

Annotations:
D:3 Natasha
D:5 Prince Ribbit


Message History

Prince Ribbit is severely wounded.
Prince Ribbit misses you.
You miss Prince Ribbit.
Prince Ribbit is severely wounded.
Prince Ribbit hits you.
You hit Prince Ribbit. Your punch misses Prince Ribbit.
Prince Ribbit is severely wounded.
Prince Ribbit hits you!
* * * LOW HITPOINT WARNING * * *
Prince Ribbit croaks regally.
Prince Ribbit barely misses you.
You are too injured to fight recklessly!
You punch Prince Ribbit!
Prince Ribbit is almost dead.
Prince Ribbit mumbles some strange words.
Prince Ribbit looks slightly unstable.
You completely miss Prince Ribbit.
Prince Ribbit is almost dead.
Prince Ribbit hits you!
You die...

###.....#### ##...........##
#.............## .
#..............#.
#............... ##
#............# .#
#............# <#
#......@F...### ###
#.............+ ..####
##..........###+# .....###
#..........# .#
#......#####.........###.###.
#####.....###................
###.......#....##...#####
##...#......####...#
#....####.........##


You could see Prince Ribbit.

Vanquished Creatures
  Sigmund (D:4)
  A giant frog (D:3)
  A crimson imp (D:3)
  An orc priest (D:4)
  A giant frog skeleton (D:4)
  3 orc wizards
  Jessica (D:2)
  Terence (D:2)
  Ijyb (D:2)
  A worker ant (D:4)
  A worker ant zombie (D:5)
  A howler monkey skeleton (D:4)
  5 adders
  8 worms
  A dart slug (D:1)
  2 giant geckos
  7 orcs
  3 giant cockroaches
  7 goblins
  9 hobgoblins
  3 jackals
  7 kobolds
  A quokka (D:2)
  12 bats
  2 giant newts
  8 rats
89 creatures vanquished.

Vanquished Creatures (others)
  A hound (D:4)
1 creature vanquished.

Grand Total: 90 creatures vanquished

Notes
Turn   | Place    | Note
--------------------------------------------------------------
     0 | D:1      | Gagarin the Merfolk Monk began the quest for the Orb.
     0 | D:1      | Reached XP level 1. HP: 18/18 MP: 1/1
    94 | D:1      | Reached XP level 2. HP: 23/24 MP: 2/2
   626 | D:1      | Reached XP level 3. HP: 29/29 MP: 3/3
  1071 | D:2      | Reached skill level 5 in Unarmed Combat
  1102 | D:2      | Noticed Jessica
  1124 | D:2      | Killed Jessica
  1124 | D:2      | Reached XP level 4. HP: 13/37 MP: 4/4
  1435 | D:2      | Reached skill level 5 in Dodging
  1581 | D:2      | Noticed Terence
  1611 | D:2      | Noticed Ijyb
  1611 | D:2      | Killed Terence
  1642 | D:2      | Killed Ijyb
  1642 | D:2      | Reached XP level 5. HP: 21/42 MP: 5/5
  2834 | D:3      | Found a shattered altar of Ashenzari.
  2904 | D:3      | Reached XP level 6. HP: 12/48 MP: 6/6
  2905 | D:3      | HP: 2/48 [orc/flail (10)]
  2914 | D:3      | Reached skill level 6 in Dodging
  3247 | D:3      | Noticed Natasha
  3290 | D:3      | HP: 2/48 [Natasha/magic dart (9)]
  4050 | D:3      | Found a burning altar of Makhleb.
  4050 | D:3      | Found a shimmering altar of Xom.
  4774 | D:4      | Noticed Sigmund
  4794 | D:4      | Killed Sigmund
  4794 | D:4      | Reached skill level 7 in Dodging
  4794 | D:4      | Reached XP level 7. HP: 38/55 MP: 7/7
  5080 | D:4      | Found an opulent altar of Gozag.
  5473 | D:4      | Found a blossoming altar of Fedhas.
  5614 | D:4      | Found a staircase to the Ecumenical Temple.
  5623 | Temple   | Entered the Ecumenical Temple
  5709 | Temple   | Became a worshipper of Zin the Law-Giver
  5709 | Temple   | Reached * piety under Zin
  5709 | Temple   | Reached ** piety under Zin
  5779 | D:5      | Entered Level 5 of the Dungeon
  5806 | D:5      | Noticed Prince Ribbit
  6428 | D:5      | Got a steaming leather armour
  6482 | D:5      | Slain by Prince Ribbit

Skill      XL: |  1  2  3  4  5  6 |
---------------+-------------------+-----
Unarmed Combat | 5 6 |  6.4
Dodging        | 5 7 |  7.8
Fighting       | 4 |  4.9
Stealth        | 3 |  3.8
Evocations     | |  0.2

Action                   |  1- 3 |  4- 6 |  7- 9 || total
-------------------------+-------+-------+-------++-------
Melee: Unarmed           |    80 |   282 |   141 ||   503
       Punch             |     2 |     3 |     5 ||    10
Evoke: Wand              |       |     1 |       ||     1
  Use: Potion            |     1 |       |       ||     1
       Scroll            |       |       |     2 ||     2
 Stab: Sleeping          |     6 |     6 |     2 ||    14
       Distracted        |     1 |       |     1 ||     2
  Eat: Chunk             |       |    13 |     4 ||    17
Armor: Robe              |    10 |    38 |    12 ||    60
Dodge: Dodged            |    57 |   206 |   107 ||   370
